 Dungeon Crawl Stone Soup version 0.26.1-11-gd32895ea62 (webtiles) character file.

Game seed: 13606807907679341353

32896 Almogavar the Fighter (level 13, -5/187 HPs)
             Began as a Minotaur Berserker on June 11, 2021.
             Was a High Priest of Trog.
             Slain by asdpro's ghost (12 damage)
             ... on level 2 of the Lair of Beasts.
             The game lasted 00:51:55 (19936 turns).

Almogavar the Fighter (Minotaur Berserker)         Turns: 19936, Time: 00:51:56

Health: -5/187     AC: 13    Str: 28    XL:     13   Next: 33%
Magic:  23/23      EV: 17    Int:  4    God:    Trog [*****.]
Gold:   881        SH:  7    Dex: 12    Spells: 12/12 levels left

rFire    . . .     SeeInvis .   T - +3 scimitar (vorpal)
rCold    + + +     Faith    .   p - +2 buckler {rN+}
rNeg     + . .     Spirit   .   v - +0 swamp dragon scales
rPois    +         Reflect  .   (helmet restricted)
rElec    +         Harm     .   w - scarf {repulsion}
rCorr    .         Rampage  .   j - +0 pair of gloves "Quipt" {rC+}
Will     .....                  o - +0 pair of boots
Stlth    ..........             (no amulet)
HPRegen  0.41/turn              Q - ring of stealth
MPRegen  0.18/turn              e - ring of Huvvaefe {rElec rC++ MP+9 Str+3}

@: berserking (expiring), repel missiles, very quick
A: retaliatory headbutt, horns 2
a: Renounce Religion, Berserk, Trog's Hand, Brothers in Arms


You were on level 2 of the Lair of Beasts.
You worshipped Trog.
Trog was extremely pleased with you.
You visited 3 branches of the dungeon, and saw 14 of its levels.
You also visited: Sewer.

You collected 1441 gold pieces.
You spent 560 gold pieces at shops.

Inventory:

Hand Weapons
 f - a +0 hunting sling
 y - a +2 long sword of flaming
 B - a +2 antimagic falchion
 T - a +3 vorpal scimitar (weapon)
Missiles
 c - 394 stones
 q - 92 sling bullets
 s - 29 bolts
Armour
 j - the +0 pair of gloves "Quipt" (worn) {rC+}
   (You found it on level 10 of the Dungeon)

   It protects you from cold.
 o - a +0 pair of boots (worn)
 p - a +2 buckler of positive energy (worn)
 t - a +0 cloak
 v - +0 swamp dragon scales (worn)
 w - a scarf of repulsion (worn)
 G - a +3 chain mail
Jewellery
 e - the ring of Huvvaefe (right hand) {rElec rC++ MP+9 Str+3}
   (You acquired it on level 10 of the Dungeon)

   [ring of magical power]

   It affects your strength (+3).
   It greatly protects you from cold.
   It insulates you from electricity.
   It affects your magic capacity (+9).
 u - an uncursed ring of resist corrosion
 P - an uncursed ring of see invisible
 Q - a ring of stealth (left hand)
Wands
 a - a wand of random effects (31)
 x - a wand of digging (9)
 D - a wand of iceblast (13)
 I - a wand of polymorph (16)
 M - a wand of acid (24)
 R - a wand of flame (21)
Scrolls
 d - 5 scrolls of teleportation
 h - 6 scrolls of remove curse
 l - 3 scrolls of magic mapping
 n - a scroll of fear
 E - a scroll of blinking
 J - 2 scrolls of enchant weapon
 L - 6 scrolls of amnesia {unknown}
 O - 2 scrolls of enchant armour {unknown}
 S - a scroll of vulnerability {unknown}
Potions
 b - a potion of resistance
 g - 3 potions of lignification
 i - 2 potions of ambrosia
 k - 4 potions of might
 m - 3 potions of curing
 r - a potion of flight
 z - a potion of haste
 A - a potion of invisibility
 C - 3 potions of heal wounds
 K - a potion of berserk rage
 N - 2 potions of mutation {unknown}
Miscellaneous
 F - a condenser vane
 H - a tin of tremorstones (2/2)


   Skills:
 + Level 14.9 Fighting
 - Level 14.0 Long Blades
 + Level 1.9 Slings
 + Level 11.3 Armour
 + Level 11.2 Dodging
 - Level 5.8 Shields
 + Level 3.6 Invocations
 + Level 3.8 Evocations


You had 12 spell levels left.
You didn't know any spells.
Your spell library was empty.

Dungeon Overview and Level Annotations

Branches:
Dungeon (10/15)            Temple (0/1) D:4            Lair (2/6) D:10
 Spider (0/4) Lair:2          Orc (2/2) D:9             Elf (0/3) Orc:2
  Sewer (visited)
  Swamp: Lair:2-4    Shoals: Lair:2-4

Altars:
Ashenzari
Hepliaklqana
Kikubaaqudgha
Makhleb
Nemelex Xobeh
Okawaru
Sif Muna
Trog
Uskayaw
Vehumet
Wu Jian
Xom
The Shining One

Shops:
D:4 (!}[   D:5 *   D:6 ?   D:10 *   Orc:2 :}*[

Annotations:
Lair:2 asdpro's ghost, journeyman OgBe


Innate Abilities, Weirdness & Mutations

You reflexively headbutt those who attack you in melee.
You have a pair of horns on your head.


Message History

Asdpro's ghost is moderately damaged.
You slash asdpro's ghost!
Asdpro's ghost is heavily damaged.
Asdpro's ghost hits you!!!
* * * LOW HITPOINT WARNING * * *
x2 You hit asdpro's ghost but do no damage.
Asdpro's ghost is heavily damaged.
You barely miss asdpro's ghost. You headbutt asdpro's ghost!!
Asdpro's ghost is severely damaged.
Asdpro's ghost barely misses you.
You completely miss asdpro's ghost.
Asdpro's ghost is heavily damaged.
You slice asdpro's ghost!! Your headbutt misses asdpro's ghost.
Asdpro's ghost is severely damaged.
Unknown command.
You closely miss asdpro's ghost.
Asdpro's ghost is severely damaged.
Asdpro's ghost hits you!!!
* * * LOW HITPOINT WARNING * * *
You die...

..#..###.. ###....#...###
.###.....# #........#.# # ##
##.+.## #########.....##
##.#...## #.#(..?.#......##
#.#.....# #.#../(.#.......#
#.....#.# ##.'.(...#.......## #
#.#.8...# ##..'....♣##......#.
###(....†.####...W..(..##.......#
..#.#...#.##.#..@#(...(#.......##
..##......#......#.....##......#
...##+#'#........########......#
....#..............# ##.....##
.................##.# ##.....#
......#.........## # ##..###
.....##........## #...##
....##...P##..#### ### #...P#
......#####...##P####.## #P.(..


You could see asdpro's ghost.

Vanquished Creatures
  An orc warlord (Orc:1)
  A stone giant (Orc:1)
  A minotaur (Orc:2)
  An ettin (Orc:1)
  Josephine (D:10)
  The ghost of candy the Fencer, a journeyman MiBe of Trog (Orc:2)
  Harold (Orc:1)
  2 two-headed ogres (D:9)
  2 orc high priests (Orc:2)
  2 unseen horrors
  An orc knight (Orc:2)
  2 orc sorcerers (Orc:2)
  A cyclops (Orc:2)
  A black mamba (Lair:1)
  3 cane toads
  Maggie (D:7)
  5 komodo dragons
  6 trolls
  A redback (Lair:2)
  Sigmund (D:3)
  21 yaks
  3 wraiths
  4 basilisks
  2 wyverns
  Menkaure (D:5)
  4 wargs
  An acid dragon (D:10)
  5 water moccasins
  27 orc warriors
  A sky beast (D:9)
  A hornet zombie (D:4)
  2 phantoms
  2 black bears
  4 ice beasts
  9 ogres
  2 necrophages
  5 centaurs
  A big kobold (D:9)
  Blork the orc (D:6)
  12 bullfrogs
  A gnoll sergeant (Orc:1)
  A wyvern skeleton (D:10)
  A scorpion (D:8)
  15 killer bees
  5 howler monkeys
  A jelly (D:8)
  3 bullfrog zombies
  10 orc priests
  2 hounds
  20 orc wizards
  A centaur skeleton (D:10)
  Crazy Yiuf (D:2)
  A gnoll shaman (D:6)
  A bullfrog skeleton (D:8)
  3 iguanas
  Natasha (thrice) (D:2)
  4 worker ants
  A hound zombie (D:5)
  A hound skeleton (D:4)
  Robin (D:3)
  A howler monkey skeleton (D:10)
  5 gnolls (Orc:1)
  A worker ant zombie (D:5)
  14 adders
  2 river rats (D:3)
  3 shadow imps
  5 white imps
  An ufetubus (D:6)
  3 oozes
  3 adder zombies
  An adder skeleton (D:4)
  3 worms
  2 dart slugs
  4 leopard geckos
  70 orcs
  11 bats
  5 bat zombies (D:8)
  5 giant cockroaches
  21 goblins
  12 hobgoblins
  14 jackals
  11 kobolds
  4 quokkas
  3 ball pythons
  3 frilled lizards
  A leopard gecko skeleton (D:5)
  A quokka skeleton (D:4)
  A quokka zombie (D:9)
  8 rats
  A rat zombie (D:8)
438 creatures vanquished.

Vanquished Creatures (collateral kills)
  An orc high priest (Orc:2)
  3 orc knights (Orc:2)
  2 orc sorcerers (Orc:2)
  An orc warrior (Orc:2)
7 creatures vanquished.

Vanquished Creatures (others)
  An orc (Orc:2)
  2 fungi (Lair:2)
  4 plants (Lair:2)
7 creatures vanquished.

Grand Total: 452 creatures vanquished

Notes
Turn   | Place    | Note
-------+----------+-------------------------------------------
     0 | D:1      | Almogavar the Minotaur Berserker began the quest for the
                  | Orb.
     0 | D:1      | Reached XP level 1. HP: 19/19 MP: 0/0
   174 | D:1      | Reached XP level 2. HP: 22/27 MP: 1/1
   727 | D:1      | Reached XP level 3. HP: 33/33 MP: 2/2
  1056 | D:1      | Reached ** piety under Trog
  1424 | D:2      | Noticed Natasha
  1430 | D:2      | Killed Natasha
  1431 | D:2      | Reached XP level 4. HP: 30/41 MP: 3/3
  1563 | D:2      | Reached skill level 5 in Long Blades
  1840 | D:2      | Found a runed translucent door.
  1841 | D:2      | Noticed Crazy Yiuf
  1849 | D:2      | Killed Crazy Yiuf
  1850 | D:2      | Reached XP level 5. HP: 47/47 MP: 4/4
  2004 | D:2      | Noticed Natasha
  2013 | D:2      | Killed Natasha
  2014 | D:2      | Reached skill level 5 in Fighting
  2022 | D:2      | Noticed Natasha
  2032 | D:2      | Killed Natasha
  2033 | D:2      | Reached skill level 1 in Slings
  2172 | D:2      | Found a broken altar of Ashenzari.
  2320 | D:3      | Noticed Sigmund
  2324 | D:3      | Killed Sigmund
  2325 | D:3      | Reached XP level 6. HP: 56/56 MP: 5/5
  2532 | D:3      | Noticed Robin
  2533 | D:3      | Reached *** piety under Trog
  2538 | D:3      | Killed Robin
  2709 | D:3      | Found a glowing drain.
  2730 | Sewer    | Entered a sewer
  2943 | Sewer    | Noticed a water moccasin
  2951 | Sewer    | Killed a water moccasin
  2952 | Sewer    | Reached XP level 7. HP: 47/62 MP: 6/6
  3891 | D:4      | Found Noytozot's Gadget Shoppe.
  4303 | D:4      | Found a staircase to the Ecumenical Temple.
  4468 | D:4      | Reached **** piety under Trog
  4496 | D:4      | Found Wurytev's Antique Armour Shop.
  4582 | D:4      | Found a sparkling altar of Nemelex Xobeh.
  4600 | D:4      | Found a hazy altar of Hepliaklqana.
  4702 | D:4      | Found Suump's Distillery.
  4710 | D:4      | Bought a potion of curing for 30 gold pieces
  4710 | D:4      | Bought a potion of heal wounds for 50 gold pieces
  4895 | D:4      | Found Serhuraeph's Weapon Shop.
  5185 | D:5      | Entered Level 5 of the Dungeon
  5319 | D:5      | Found Paufiu Xiwky's Assorted Antiques.
  5380 | D:5      | Noticed Menkaure
  5383 | D:5      | Killed Menkaure
  5384 | D:5      | Reached XP level 8. HP: 71/71 MP: 7/7
  5612 | D:5      | Reached skill level 5 in Dodging
  6001 | D:5      | Found a burning altar of Makhleb.
  6318 | D:6      | Reached skill level 10 in Long Blades
  6328 | D:6      | Found a bloodstained altar of Trog.
  6334 | D:6      | Found a shimmering altar of Xom.
  6339 | D:6      | Found a glowing golden altar of the Shining One.
  6544 | D:6      | Found Secvetse's Magic Scroll Shop.
  6650 | D:6      | Reached XP level 9. HP: 79/79 MP: 8/8
  6829 | D:6      | Noticed Blork the orc
  6834 | D:6      | Killed Blork the orc
  7202 | D:7      | Noticed Maggie
  7216 | D:7      | Reached skill level 10 in Fighting
  7216 | D:7      | Reached XP level 10. HP: 32/94 MP: 8/11
  7227 | D:7      | Killed Maggie
  7228 | D:7      | Reached ***** piety under Trog
  7553 | D:7      | Found a sparkling altar of Nemelex Xobeh.
  7557 | D:7      | Found a hide-covered altar of Uskayaw.
  7812 | D:7      | Found a radiant altar of Vehumet.
  7876 | D:7      | Found a shimmering blue altar of Sif Muna.
  8145 | D:7      | Identified a scroll of acquirement
  8146 | D:7      | Acquired a +2 buckler of positive energy
  8636 | D:8      | Found an iron altar of Okawaru.
  8678 | D:8      | Found an ancient bone altar of Kikubaaqudgha.
  9018 | D:8      | Found an ornate altar of the Wu Jian Council.
  9154 | D:9      | Found a staircase to the Orcish Mines.
  9190 | D:9      | Noticed a two-headed ogre
  9208 | D:9      | Killed a two-headed ogre
  9213 | D:9      | Noticed a two-headed ogre
  9222 | D:9      | Killed a two-headed ogre
  9222 | D:9      | Received a gift from Trog
  9223 | D:9      | Reached skill level 5 in Shields
  9223 | D:9      | Reached XP level 11. HP: 83/102 MP: 12/12
  9378 | D:9      | Killed an unseen horror
 10322 | D:10     | Entered Level 10 of the Dungeon
 10336 | D:10     | Noticed Josephine
 10349 | D:10     | Killed Josephine
 10534 | D:10     | Found a shimmering altar of Xom.
 10540 | D:10     | Got a pair of steaming gloves
 10551 | D:10     | Identified the +0 pair of gloves "Quipt" {rC+} (You found
                  | it on level 10 of the Dungeon)
 11164 | D:10     | Acquired the ring of Huvvaefe {rElec rC++ MP+9 Str+3}
 11206 | D:10     | Found a staircase to the Lair.
 11756 | Orc:1    | Entered Level 1 of the Orcish Mines
 11775 | Orc:1    | Noticed an ettin
 11896 | Orc:1    | Killed an ettin
 11924 | Orc:1    | Noticed a stone giant
 12204 | Orc:1    | Killed a stone giant
 12562 | Orc:2    | Entered Level 2 of the Orcish Mines
 12567 | Orc:2    | Reached XP level 12. HP: 99/112 MP: 7/13
 12995 | Orc:2    | Received a gift from Trog
 13561 | Orc:2    | Noticed an orc warlord
 14204 | Orc:1    | Killed an orc warlord
 14550 | Orc:2    | Reached skill level 10 in Dodging
 14926 | Orc:2    | Noticed an orc high priest
 14927 | Orc:2    | Noticed an orc high priest
 14932 | Orc:2    | Noticed an orc high priest
 14933 | Orc:2    | Killed an orc high priest
 14938 | Orc:2    | Killed an orc high priest
 15162 | Orc:2    | Noticed a minotaur
 15170 | Orc:2    | Noticed candy's ghost (journeyman MiBe)
 15197 | Orc:2    | Found a runed translucent gate.
 15197 | Orc:2    | Found a runed translucent gate.
 15197 | Orc:2    | Found a runed translucent gate.
 15226 | Orc:2    | Reached skill level 10 in Armour
 15275 | Orc:1    | Noticed Harold
 15295 | Orc:1    | Killed Harold
 15615 | Orc:2    | Killed an orc high priest
 15630 | Orc:2    | Found Moateomo's Armour Boutique.
 15630 | Orc:2    | Found Fifa's Book Shoppe.
 15632 | Orc:2    | Found Notarac's General Store.
 15632 | Orc:2    | Found Oshut's Gadget Shoppe.
 16160 | Orc:2    | Bought a condenser vane for 480 gold pieces
 16195 | Orc:2    | Found a staircase to the Elven Halls.
 16703 | Orc:2    | Killed candy's ghost
 16714 | Orc:2    | Killed a minotaur
 16768 | Orc:2    | Identified the Collected Works on Cankerous Malediction
 17003 | D:10     | Reached XP level 13. HP: 110/124 MP: 7/14
 17801 | D:10     | Found Xaatros's Changing Room.
 18164 | Lair:1   | Entered Level 1 of the Lair of Beasts
 19701 | Lair:2   | Received a gift from Trog
 19763 | Lair:2   | Found a hole to the Spider Nest.
 19884 | Lair:2   | Found a runed translucent gate.
 19905 | Lair:2   | Found a runed translucent gate.
 19907 | Lair:2   | Found a runed translucent gate.
 19907 | Lair:2   | Noticed asdpro's ghost (journeyman OgBe)
 19936 | Lair:2   | HP: 7/187 [asdpro's ghost (39)]
 19936 | Lair:2   | Slain by asdpro's ghost

Illustrated notes

Levels and vault maps discovered:
D:1:      dpeg_arrival_morbid_curiosity, layout_loops_ring
D:2:      layout_rooms, evilmike_ruin_ashenzari, minmay_bisected,
          uniq_crazy_yiuf_cottage, uniq_natasha
D:3:      layout_basic, portal_sewer_entry_b, uniq_sigmund, uniq_robin
D:4:      layout_basic, nzn_hepliaklqana_mist_gate, minmay_temple_entry_waves,
          serial_shops, shop, kennysheep_mini, shop, shop_statue,
          nemelex_spade_bored_becter
D:5:      layout_loops_ring, marbit_many_paths, serial_shops,
          nicolae_shop_crystal, uniq_menkaure
D:6:      layout_basic, minmay_overflow_temple_star_quad, serial_shops, shop,
          minmay_joined_circles, uniq_blork_the_orc
D:7:      layout_cave_pods, kennysheep_little_box,
          nicolae_overflow_hidden_temple, serial_rivers,
          chequers_serial_rivers_room_b, chequers_serial_rivers_room_a,
          chequers_serial_rivers_room_b, chequers_serial_rivers_marsh,
          chequers_serial_rivers_large_b, minivault_19, uniq_maggie
D:8:      layout_basic, lemuel_zombie_altar_kikubaaqudgha,
          nicolae_overflow_crystal_walls, grunt_decor_fettered, okawaru_trees_1
D:9:      layout_irregular_city, david_orc_2
D:10:     layout_roguey, erik_lair_dragon, serial_glass, glass_columns_b,
          glass_columns_a, glass_columns_a, glass_columns_a, glass_columns_c,
          glass_columns_a, feat_on_display, minmay_strange_pillars,
          feat_on_display, basic_altar, serial_bayou_pond_b,
          nicolae_transmutations_shop, uniq_josephine
Lair:1:   layout_concentric_octagons
Lair:2:   layout_cave_pods, spider_nest_entry_rubble, ebering_ghost_rock_garden,
          grunt_megastairs_1
Orc:1:    layout_caves, uniq_harold
Orc:2:    grunt_orc_tribal_feast, layout_diamond_mine,
          maelrawn_ghost_gauntlet_escape

Skill      XL: |  1  2  3  4  5  6  7  8  9 10 11 12 13 |
---------------+----------------------------------------+-----
Long Blades    | 4 5 6 7 8 10 11 12 13 14 | 14.0
Fighting       | 4 5 6 7 10 11 12 14 | 14.9
Dodging        | 3 4 5 7 8 9 10 11 | 11.2
Slings         | 1 |  1.9
Armour         | 3 4 6 7 9 10 11 | 11.3
Shields        | 4 5 |  5.8
Invocations    | 3 |  3.6
Evocations     | 3 |  3.8

Action                   |  1- 3 |  4- 6 |  7- 9 | 10-12 | 13-15 || total
-------------------------+-------+-------+-------+-------+-------++-------
Melee: Falchion          |    62 |   114 |    66 |   625 |    97 ||   964
       Headbutt          |    11 |    23 |    44 |   211 |    56 ||   345
       Long sword        |       |       |   123 |   150 |    46 ||   319
       Unarmed           |       |       |     4 |       |       ||     4
       Scimitar          |       |       |       |       |    31 ||    31
 Fire: Hunting sling     |     6 |       |       |     3 |       ||     9
Invok: Berserk           |     1 |     3 |     2 |    11 |     1 ||    18
       Trog's Hand       |       |     1 |       |     8 |       ||     9
       Brothers in Arms  |       |       |       |     2 |       ||     2
Evoke: Wand              |       |       |       |     4 |     4 ||     8
  Use: Scroll            |     1 |     6 |     3 |     8 |     3 ||    21
       Potion            |       |       |     4 |     4 |       ||     8
 Stab: Sleeping          |       |     1 |       |       |     1 ||     2
       Distracted        |       |       |       |     1 |       ||     1
       Confused          |       |       |       |     1 |       ||     1
Armor: Animal skin       |    17 |     2 |       |       |       ||    19
       Leather armour    |       |    35 |    41 |     3 |       ||    79
       Swamp dragon scal |       |       |       |   237 |    33 ||   270
Dodge: Dodged            |    51 |    66 |   133 |   408 |    71 ||   729
       Repelled          |       |       |       |     3 |       ||     3
Block: Buckler           |       |       |       |   223 |    33 ||   256
       Rpst.: Falchion   |     9 |    15 |    11 |    66 |    11 ||   112
       Long sword        |       |       |    19 |    26 |     5 ||    50
       Scimitar          |       |       |       |       |     2 ||     2
